Map: Estação Proxima LE

Players

Bowman

  • Race: Protoss Protoss
  • League: Master
  • Spawn Location: 7:00

TheZergLord - Winner!

  • Race: Zerg Zerg
  • League: Grandmaster
  • Spawn Location: 1:00

VOD

Have the link to the VOD?

Description

Time

  • Played on: June 12, 2017, 2:22 p.m.
  • Length: 8:28
Show
View Real Time Build Order
Export as new Build Order

Bowman Protoss 

Build Orders: 1 Gate Expand, Double Forge, Oracle Opening 

Get SALT Encoding   

  12  0:01  Probe (Chrono Boost)  
  13  0:11  Probe (Chrono Boost)  
  14  0:17  Pylon  
  14  0:22  Probe (Chrono Boost)  
  15  0:36  Probe (Chrono Boost)  
  15  0:38  Gateway  
  16  0:46  Probe (Chrono Boost)  
  17  0:53  Assimilator  
  17  1:01  Probe (Chrono Boost)  
  18  1:06  Pylon  
  18  1:21  Nexus  
  18  1:24  Probe (Chrono Boost)  
  19  1:35  Cybernetics Core  
  19  1:39  Probe (Chrono Boost)  
  20  1:43  Assimilator  
  20  1:50  Probe (Chrono Boost)  
  20  1:53  Pylon  
  21  2:00  Probe (Chrono Boost)  
  22  2:10  Adept  
  22  2:11  Warp Gate  
  22  2:14  Probe (Chrono Boost)  
  25  2:25  Probe (Chrono Boost)  
  26  2:35  Pylon  
  27  2:37  Probe x2 (Chrono Boost)  
  28  2:47  Stargate  
  28  2:48  Probe x2 (Chrono Boost), Adept  
  32  2:55  Assimilator  
  32  2:58  Probe (Chrono Boost)  
  32  2:59  Probe (Chrono Boost)  
  34  3:06  Pylon  
  34  3:09  Probe x2 (Chrono Boost)  
  38  3:20  Probe x2 (Chrono Boost)  
  38  3:30  Probe (Chrono Boost), Oracle  
  38  3:31  Probe (Chrono Boost)  
  45  3:41  Mothership Core (Chrono Boost)  
  45  3:42  Gateway  
  45  3:43  Gateway  
  45  3:47  Probe (Chrono Boost)  
  44  3:55  Assimilator  
  44  3:59  Probe (Chrono Boost)  
  44  4:01  Probe (Chrono Boost)  
  46  4:04  Pylon  
  46  4:05  Phoenix  
  48  4:10  Probe (Chrono Boost)  
  48  4:13  Probe (Chrono Boost)  
  50  4:21  Probe (Chrono Boost)  
  51  4:28  Nexus  
  51  4:32  Pylon  
  51  4:33  Probe x2 (Chrono Boost)  
  53  4:39  Forge  
  53  4:42  Forge  
  53  4:44  Probe x2 (Chrono Boost)  
  55  4:54  Probe (Chrono Boost)  
  55  4:55  Probe (Chrono Boost)  
  57  5:01  Protoss Shields Level 1  
  57  5:04  Protoss Ground Weapons Level 1  
  57  5:05  Probe (Chrono Boost)  
  57  5:06  Probe (Chrono Boost)  
  59  5:16  Robotics Facility, Probe (Chrono Boost)  
  59  5:17  Probe (Chrono Boost)  
  61  5:21  Robotics Facility  
  61  5:26  Sentry x3  
  61  5:27  Probe (Chrono Boost)  
  68  5:33  Probe (Chrono Boost)  
  69  5:37  Twilight Council  
  69  5:39  Probe (Chrono Boost)  
  71  5:43  Probe (Chrono Boost)  
  71  5:45  Probe (Chrono Boost)  
  71  5:49  Adept  
  75  5:50  Sentry, Adept  
  75  5:51  Probe (Chrono Boost)  
  75  5:53  Probe (Chrono Boost)  
  80  5:58  Assimilator  
  80  6:02  Assimilator, Pylon  
  80  6:03  Warp Prism, Photon Cannon  
  80  6:05  Observer, Pylon  
  83  6:19  Photon Cannon  
  83  6:21  Photon Cannon  
  83  6:37  Fleet Beacon  
  83  6:39  Templar Archives  
  83  6:41  Gateway  
  83  6:42  Oracle  
  83  6:43  Gateway  
  83  6:44  Observer  
  83  6:45  Gateway  
  87  7:00  Zealot x3  
  93  7:04  Immortal  
  93  7:05  Probe x2 (Chrono Boost)  
  95  7:09  Observer  
  101  7:17  Probe (Chrono Boost)  
  101  7:19  Pylon  
  101  7:21  Pylon  
  101  7:30  Nexus  
  101  7:34  Pylon  
  101  7:39  Probe (Chrono Boost)  
  101  7:41  Zealot x3  
  107  7:54  High Templar x3  
  117  8:01  Pylon  
  110  8:11  Zealot  
  110  8:12  Zealot x2  
Show
View Real Time Build Order
Export as new Build Order

TheZergLord Zerg - Winner!

Build Orders: Hatch First 

Get SALT Encoding   

  12  0:01  Drone  
  13  0:12  Overlord  
  13  0:17  Drone  
  14  0:30  Drone x2  
  14  0:34  Drone  
  17  1:00  Drone x2  
  17  1:03  Hatchery  
  18  1:07  Extractor  
  17  1:17  Spawning Pool  
  16  1:21  Drone  
  16  1:24  Drone  
  18  1:29  Drone  
  19  1:39  Overlord  
  19  1:49  Drone  
  20  2:04  Queen, Zergling x2  
  23  2:10  Metabolic Boost  
  23  2:12  Drone  
  24  2:15  Queen  
  24  2:17  Drone  
  24  2:22  Drone  
  28  2:27  Drone  
  29  2:32  Drone  
  30  2:41  Drone  
  31  2:46  Pneumatized Carapace  
  31  2:54  Hatchery  
  31  2:58  Hatchery  
  31  3:01  Zergling x4  
  31  3:05  Zergling x2  
  33  3:07  Drone  
  33  3:11  Overlord  
  34  3:16  Drone x2  
  36  3:26  Spore Crawler  
  34  3:31  Drone x2, Overlord  
  37  3:38  Drone  
  37  3:39  Drone x3  
  41  3:45  Drone  
  42  3:49  Spore Crawler x2  
  42  3:52  Drone  
  42  3:55  Drone  
  42  3:56  Lair  
  42  4:00  Evolution Chamber  
  41  4:03  Drone x2  
  41  4:07  Drone x2  
  45  4:16  Drone x4  
  49  4:24  Queen  
  49  4:26  Drone x4  
  55  4:39  Drone x3  
  55  4:40  Zerg Melee Weapons Level 1  
  55  4:42  Overlord  
  55  4:43  Overlord, Baneling Nest  
  57  4:50  Overlord x2  
  56  4:56  Spore Crawler  
  56  4:59  Hydralisk Den  
  53  5:05  Drone  
  53  5:06  Drone x7  
  57  5:10  Drone  
  57  5:12  Drone  
  59  5:21  Extractor  
  58  5:22  Extractor  
  58  5:25  Overlord  
  57  5:35  Drone x4  
  61  5:36  Drone x3  
  61  5:39  Extractor  
  61  5:40  Extractor x2  
  62  5:45  Drone x3  
  62  5:46  Drone  
  62  5:49  Muscular Augments  
  66  6:00  Drone x4  
  66  6:01  Drone x2  
  72  6:09  Hatchery  
  71  6:12  Centrifical Hooks  
  71  6:13  Overlord  
  71  6:14  Drone  
  71  6:17  Zergling x12  
  71  6:18  Zergling x4  
  80  6:26  Hatchery  
  80  6:31  Zergling x6  
  83  6:44  Hydralisk x3  
  89  6:53  Zergling x2, Overlord  
  89  6:54  Overlord x4  
  88  6:55  Overlord  
  87  7:12  Hydralisk  
  87  7:13  Hydralisk x9  
  107  7:17  Hydralisk  
  107  7:18  Hydralisk  
  111  7:23  Overseer  
  111  7:30  Zergling x10  
  111  7:31  Zergling x4  
  118  7:38  Baneling  
  118  7:39  Baneling x8  
  118  7:42  Zergling x4  
  118  7:43  Zergling x14  
  118  7:44  Zergling x4  
  129  7:56  Hydralisk x4  
Tags
 
Add a new tag
Caveats
  • Supply blocks, unpowered buildings, or Contaminate may cause inaccurate times.
  • Supply counts are checked every 10 seconds.